 Dungeon Crawl Stone Soup version 0.13-a0-2557-g7ea0453 (webtiles) character file.

302 Grabo the Cudgeler (level 5, -1/41 HPs)
             Began as a Demonspawn Berserker on July 29, 2013.
             Was an Elder of Trog.
             Slain by an orc
             ... wielding a +2,+2 orcish morningstar
              (5 damage)
             ... on Level 4 of the Dungeon.
             The game lasted 00:06:08 (3331 turns).

Grabo the Cudgeler (Demonspawn Berserker)           Turns: 3331, Time: 00:06:08

HP  -1/41        AC  8     Str 17      XL: 5   Next: 14%
MP   4/4         EV  8     Int  8      God: Trog [****..]
Gold 147         SH  2     Dex 14      Spells:  0 memorised,  4 levels left

Res.Fire  : . . .   See Invis. : .   a - +0 mace
Res.Cold  : . . .   Warding    : .   n - +0 scale mail
Life Prot.: . . .   Conserve   : .   (no shield)
Res.Poison: .       Res.Corr.  : .   (no helmet)
Res.Elec. : .       Clarity    : .   (no cloak)
Sust.Abil.: . .     Spirit.Shd : .   (no gloves)
Res.Mut.  : .       Stasis     : .   (no boots)
Res.Rott. : .       Flight     : .   (no amulet)
Saprovore : . . .                    (no ring)
                                     (no ring)

@: slightly resistant to hostile enchantments, extremely unstealthy
A: talons 1, AC +2, SH +2
a: Burn Spellbooks, Berserk, Trog's Hand, Brothers in Arms, Renounce Religion


You were on level 4 of the Dungeon.
You worshipped Trog.
Trog was greatly pleased with you.
You were not hungry.

You visited 1 branch of the dungeon, and saw 4 of its levels.

You collected 127 gold pieces.

Inventory:

Hand weapons
 a - a +0,+0 mace (weapon)
 b - a +1,+1 sling
Missiles
 z - 27 sling bullets
Armour
 n - a +0 scale mail (worn)
Comestibles
 c - 2 bread rations
 g - 3 apples
 i - a meat ration
 q - 2 apricots
 r - 2 pears
 A - 4 chunks of orc flesh
Scrolls
 e - 2 scrolls of teleportation {unknown}
 f - 2 scrolls of amnesia {unknown}
 k - a scroll of enchant armour {unknown}
 l - 3 scrolls of identify
 o - a scroll of magic mapping {unknown}
 p - 2 scrolls of enchant weapon I {unknown}
 t - a scroll of random uselessness {unknown}
 v - 2 scrolls of blinking {unknown}
 y - a scroll of fog {unknown}
 B - a scroll of recharging {unknown}
Potions
 d - 4 potions of curing
 h - a potion of flight
 j - 2 potions of agility
 m - 2 potions of restore abilities
 s - 2 potions of heal wounds
 u - a potion of might
Books
 x - a book of Party Tricks

   Spells                             Type                      Level
   Summon Butterflies                 Summoning                    1
   Apportation                        Translocation                1
   Blink                              Translocation                2
   Alistair's Intoxication            Transmutation/Poison         4
   Tukima's Dance                     Hexes                        5
   Trog disapproves of the use of such an item.


   Skills:
 - Level 3.0 Fighting
 + Level 5.3 Maces & Flails
 - Level 1.7 Armour
 - Level 1.7 Dodging


You had 4 spell levels left.
You didn't know any spells.

Dungeon Overview and Level Annotations

Branches:
Dungeon (4/27)
 Temple: D:4-7

Altars:
Fedhas
Xom


Innate Abilities, Weirdness & Mutations

You have sharp toenails.
You are partially covered in large bone plates (AC +2, SH +2).


Message History

You hit the orc.
The orc is severely wounded.
The orc hits you with an orcish morningstar!
* * * LOW HITPOINT WARNING * * *
Use which ability? (? or * to list)
The spellbook bursts into flames.
Trog is delighted!
You feel slightly more hungry.
The orc wizard is engulfed in roaring flames.
The orc wizard barely misses you.
The orc hits you with an orcish morningstar.
* * * LOW HITPOINT WARNING * * *
Your scale mail prevents you from hitting the orc wizard.
You claw the orc wizard.
You kill the orc wizard!
Trog accepts your kill.
Trog appreciates your killing of a magic user.
You can now call in reinforcements.
You have reached level 5!
The orc hits you with an orcish morningstar.
You die...

.....♣♣.♣PPP♣♣.........#.##
.....♣P....P♣P♣.......#♣.♣#
.....♣....PP♣♣♣..........#
....>♣♣♣P.PP.............#
...#..♣♣......♣..♣♣♣♣♣♣♣.#
#..#.(.♣.♣PP♣♣#.♣♣.♣♣♣♣..#
###...♣♣♣♣###♣.♣..♣.♣##
##### ##♣.♣P...♣#
#o@♣♣♣..♣♣# #§♣♣♣♣♣♣♣##
#.......### ####......#
#.......# ##......#
#.......# ###P..P.##
##...♣PP.##


You could see an orc.

Vanquished Creatures
  An orc wizard (D:4)
  A gnoll (D:3)
  3 adders
  An inept feature mimic (D:2)
  A worm (D:2)
  5 orcs
  A ball python (D:3)
  4 giant cockroaches
  9 goblins
  9 hobgoblins
  9 kobolds
  11 bats
  5 giant geckos
  5 giant newts
  4 jackals
  7 rats
76 creatures vanquished.

Notes
Turn   | Place    | Note
--------------------------------------------------------------
     0 | D:1      | Grabo, the Demonspawn Berserker, began the quest for the Orb.
     0 | D:1      | Reached XP level 1. HP: 18/18 MP: 0/0
   293 | D:1      | Gained mutation: You have sharp toenails. [demonic ancestry]
   293 | D:1      | Reached XP level 2. HP: 8/24 MP: 1/1
   613 | D:1      | Acquired Trog's second power
   979 | D:1      | Reached XP level 3. HP: 25/30 MP: 2/2
  1242 | D:2      | Reached skill level 4 in Maces & Flails
  1512 | D:2      | Gained mutation: You are partially covered in large bone plates (AC +2, SH +2). [demonic ancestry]
  1512 | D:2      | Reached XP level 4. HP: 31/36 MP: 3/3
  1570 | D:2      | Found a blossoming altar of Fedhas.
  3137 | D:3      | Reached skill level 5 in Maces & Flails
  3187 | D:3      | Found a shimmering altar of Xom.
  3331 | D:4      | Acquired Trog's third power
  3331 | D:4      | Reached XP level 5. HP: 3/41 MP: 4/4
  3331 | D:4      | Slain by an orc

Action                   |  1- 3 |  4- 6 || total
-------------------------+-------+-------++-------
Melee: Mace              |   126 |   104 ||   230
 Fire: Sling             |       |     1 ||     1
Throw: Dart              |     2 |       ||     2
Invok: Burn Spellbooks   |       |     1 ||     1
  Use: Scroll            |       |     6 ||     6
 Stab: Sleeping          |     1 |       ||     1
